 Dungeon Crawl Stone Soup version 0.23.2 (webtiles) character file.

Game seed: 4398192073897181329

227 Borgoz the Cutter (level 6, -8/37 HPs)
             Began as a Kobold Gladiator on Apr 14, 2019.
             Killed by nerve-wracking pain
             ... invoked by Grinder
              (13 damage)
             ... on level 3 of the Dungeon.
             The game lasted 00:03:24 (1797 turns).

Borgoz the Cutter (Kobold Gladiator)                Turns: 1797, Time: 00:03:25

Health: -8/37      AC:  4    Str: 13    XL:     6   Next: 22%
Magic:  6/6        EV: 17    Int:  9    God:
Gold:   140        SH:  0    Dex: 17    Spells: 5/5 levels left

rFire    . . .     SeeInvis .   a - +0 rapier
rCold    . . .     Gourm    .   (shield restricted)
rNeg     . . .     Faith    .   b - +0 leather armour
rPois    .         Spirit   .   c - +0 helmet
rElec    .         Reflect  .   (no cloak)
rCorr    .         Harm     .   (no gloves)
MR       .....                  (no boots)
Stlth    ++........             (no amulet)
HPRegen  0.12/turn              (no ring)
MPRegen  0.10/turn              (no ring)

@: no status effects
A: small, carnivore
a: no special abilities


You were on level 3 of the Dungeon.
You were very full.

You visited 1 branch of the dungeon, and saw 3 of its levels.

You collected 140 gold pieces.

Inventory:

Hand Weapons
 a - a +0 rapier (weapon)
Missiles
 n - 2 throwing nets (quivered)
Armour
 b - a +0 leather armour (worn)
 c - a +0 helmet (worn)
Jewellery
 m - a cursed ring of attention {unknown}
Wands
 q - a wand of iceblast (9)
 r - a wand of polymorph (13)
Scrolls
 e - 6 scrolls of remove curse {unknown}
 g - a scroll of fear {unknown}
 j - 2 scrolls of identify {unknown}
 l - a scroll of teleportation {unknown}
 s - a scroll of magic mapping {unknown}
Potions
 h - a potion of lignification {unknown}
 i - 4 potions of agility {unknown}
 k - a potion of flight {unknown}
 o - 2 potions of mutation {unknown}
 p - a potion of ambrosia {unknown}
Comestibles
 f - 7 rations


   Skills:
 + Level 3.2 Fighting
 + Level 5.0 Short Blades
 - Level 2.1 Throwing
 * Level 2.5 Armour
 + Level 4.5 Dodging
 + Level 3.1 Stealth


You had 5 spell levels left.
You didn't know any spells.
Your spell library was empty.

Dungeon Overview and Level Annotations

Branches:
Dungeon (3/15)

Altars:
Elyvilon
Sif Muna
Trog

Annotations:
D:3 Grinder


Innate Abilities, Weirdness & Mutations

You are small and have problems with some larger weapons.
You are carnivorous and can eat meat at any time.


Message History

You hit Grinder.
Grinder is heavily wounded.
Grinder hits you but does no damage.
You hit Grinder but do no damage.
Grinder is heavily wounded.
Grinder gestures at you. You resist with significant effort.
You barely miss Grinder.
Grinder is heavily wounded.
Grinder hits you.
* * * LOW HITPOINT WARNING * * *
You feel better. Grinder hits you!
* * * LOW HITPOINT WARNING * * *
You writhe in agony.
* * * LOW HITPOINT WARNING * * *
You puncture Grinder!
Grinder is severely wounded.
Grinder gestures at you. Pain shoots through your body!
You die...

.......#.# #.#.# ....#.##..##
#.#.# ..[.#.###..###.#.# ###
#####..###.....#.# ...
##.........#.####### ..#
#...............(.#...#
#..##........#.#####...#
#..##........######....# #..
#........#@.....^)## #..
#........#5######.# ###.#
########.#.# >.( .##.# ##.#.#
##.. ..#.#########..#... ..#
...............##### .# #
....#####..........#######....
.##.......#.........)..†......
.#......##...........##.##..##


You could see Grinder.

Vanquished Creatures
  Sigmund (D:2)
  2 adders
  An ooze (D:2)
  4 worms
  11 bats
  A giant cockroach (D:1)
  5 goblins
  4 hobgoblins
  A frilled lizard (D:1)
  4 kobolds
  7 rats
41 creatures vanquished.

Notes
Turn   | Place    | Note
-------+----------+-------------------------------------------
     0 | D:1      | Borgoz the Kobold Gladiator began the quest for the Orb.
     0 | D:1      | Reached XP level 1. HP: 12/12 MP: 1/1
   266 | D:1      | Reached XP level 2. HP: 17/17 MP: 2/2
   365 | D:1      | Reached skill level 1 in Stealth
   398 | D:1      | Reached skill level 1 in Armour
   484 | D:2      | Reached XP level 3. HP: 22/22 MP: 3/3
   907 | D:2      | Noticed Sigmund
   921 | D:2      | Killed Sigmund
   921 | D:2      | Reached XP level 4. HP: 10/28 MP: 4/4
   921 | D:2      | Reached XP level 5. HP: 12/32 MP: 5/5
   921 | D:2      | Reached XP level 6. HP: 14/37 MP: 6/6
  1335 | D:2      | Found a deep blue altar of Sif Muna.
  1336 | D:2      | Found a white marble altar of Elyvilon.
  1525 | D:3      | Found a bloodstained altar of Trog.
  1558 | D:3      | Reached skill level 5 in Short Blades
  1750 | D:3      | Noticed Grinder
  1756 | D:3      | Paralysed by Grinder for 2 turns
  1783 | D:3      | Paralysed by Grinder for 6 turns
  1797 | D:3      | Killed from afar by Grinder

Skill      XL: |  1  2  3  4  5  6 |
---------------+-------------------+-----
Stealth        | 1 3 |  3.1
Armour         | 1 2 |  2.5
Dodging        | 4 |  4.5
Fighting       | 3 |  3.2
Short Blades   | 5 |  5.0
Throwing       | |  2.1

Action                   |  1- 3 |  4- 6 || total
-------------------------+-------+-------++-------
Melee: Rapier            |    90 |    69 ||   159
Throw: Throwing net      |     3 |     4 ||     7
  Use: Potion            |       |     2 ||     2
 Stab: Held in net/web   |     3 |       ||     3
       Sleeping          |       |     1 ||     1
  Eat: Chunk             |     7 |     2 ||     9
Armor: Leather armour    |    10 |    16 ||    26
Dodge: Dodged            |    70 |    52 ||   122
